 Dungeon Crawl Stone Soup version 0.28-a0-1213-g0243856f03 (webtiles) character file.

Game seed: 7130330529495049048

396 frimble the Slasher (level 6, 0/46 HPs)
             Began as a Demonspawn Warper on Dec 22, 2021.
             Slain by a hound (4 damage)
             ... on level 4 of the Dungeon.
             The game lasted 00:04:02 (4248 turns).

frimble the Slasher (Demonspawn Warper)             Turns: 4248, Time: 00:04:03

Health: 0/46       AC:  9    Str: 11    XL:     6   Next: 52%
Magic:  9/9        EV: 13    Int: 16    God:
Gold:   130        SH:  0    Dex: 13    Spells: 9/9 levels left

rFire   . . .      SeeInvis .   a - +1 falchion (vamp)
rCold   . . .      Faith    .   (no shield)
rNeg    . . .      Spirit   .   b - +0 leather armour
rPois   .          Reflect  .   l - +1 helmet
rElec   .          Harm     .   (no cloak)
rCorr   .          Rampage  .   n - +1 pair of gloves
Will    .....                   (no boots)
Stlth   +.........              (no amulet)
HPRegen 0.15/turn               (no ring)
MPRegen 0.11/turn               (no ring)

@: no status effects
A: rugged brown scales 2, demonic touch 1
a: no special abilities


You were on level 4 of the Dungeon.
You visited 1 branch of the dungeon, and saw 4 of its levels.

You collected 130 gold pieces.

Inventory:

Hand Weapons
 a - a +1 vampiric falchion (weapon)
Missiles
 d - 5 boomerangs of dispersal (quivered)
 g - a throwing net
 j - 4 boomerangs
Armour
 b - a +0 leather armour (worn)
 l - a +1 helmet (worn)
 n - a +1 pair of gloves (worn)
Jewellery
 f - a ring of willpower
Scrolls
 c - 3 scrolls of blinking
 m - a scroll of brand weapon
Potions
 e - 2 potions of magic


   Skills:
 - Level 2.0 Fighting
 + Level 4.7 Long Blades
 - Level 0.8 Throwing
 - Level 0.8 Armour
 + Level 4.6 Dodging
 - Level 2.0 Spellcasting
 - Level 2.6 Translocations


You had 9 spell levels left.
You didn't know any spells.
Your spell library contained the following spells:

 Spells                   Type           Power      Damage    Failure   Level
 Blink                    Tloc           20%        N/A       14%         2
 Gell's Gravitas          Tloc           10%        N/A       26%         3
 Lesser Beckoning         Tloc           10%        N/A       26%         3
 Teleport Other           Tloc           10%        N/A       26%         3
 Tukima's Dance           Hex            1%         N/A       63%         3
 Passage of Golubria      Tloc           10%        N/A       65%         4
 Manifold Assault         Tloc           10%        N/A       94%         5
 Yara's Violent Unravell  Hex/Tmut       0%         3d3       100%        5


Dungeon Overview and Level Annotations

Branches:
Dungeon (4/15)
 Temple: D:4-7

Altars:
Qazlal

Annotations:
D:3 2 transporters, leviel's ghost, amateur HOFi


Innate Abilities, Weirdness & Mutations

You are mostly covered in rugged brown scales. (AC +2, +5% HP)
Your touch may inflict minor irresistible damage on your foes.


Message History

* * * LOW HITPOINT WARNING * * *
The orc wizard hits you but does no damage.
The hound bites you but does no damage.
You hit the orc.
You feel better.
The orc is severely wounded.
The gnoll hits you but does no damage. The hound bites you but does no damage.
The orc wizard gestures at you while chanting.
You are confused.
The orc hits you but does no damage. The gnoll hits you with a +0 whip.
* * * LOW HITPOINT WARNING * * *
The orc hits you but does no damage.
You cannot move. (Use ctrl+direction or * direction to attack without moving.) It was a potion of cancellation.
Your magical effects are unravelling.
You feel magically purged.
You feel less wooden.
Your +1 helmet unmelds from your body.
Your +1 pair of gloves unmelds from your body.
Your +0 leather armour unmelds from your body.
You feel less confused. The hound closely misses you.
The gnoll hits you from afar with a +0 spear.
* * * LOW HITPOINT WARNING * * *
The orc wizard closely misses you. The orc hits you but does no damage.
The gnoll barely misses you. The gnoll misses you. The orc closely misses you.
The hound barely misses you.
The orc wizard hits you but does no damage.
You hit the orc.
You feel better.
You kill the orc!
The gnoll hits you but does no damage. The hound bites you.
* * * LOW HITPOINT WARNING * * *
The gnoll barely misses you. The gnoll hits you but does no damage.
The orc wizard hits you with a +1 dagger of speed.
* * * LOW HITPOINT WARNING * * *
The orc hits you with a +0 flail.
* * * LOW HITPOINT WARNING * * *
You completely miss the hound.
You touch the hound.
The hound is moderately wounded.
The hound bites you.
You die...

# (### #. ...
#.. ##.# #..#
##..#
#...#######..#
#.....o.g....#
##....ogogZ...#
#.....o@h##...#
#....
.....#######oo##
#.... .#. #o..#
#.... ##og##
#.... #...#
#....
#...####....
##...#g.....
#.....g....
.........###..


You could see a hound, an orc wizard, 3 gnolls, 3 orcs and a bullfrog zombie.

Vanquished Creatures
  A phantom (D:4)
  A hound (D:3)
  2 orc priests
  Jessica (D:3)
  An iguana (D:3)
  Robin (D:2)
  6 adders
  5 gnolls
  An adder skeleton (D:4)
  A worm (D:2)
  2 dart slugs
  4 orcs
  3 ball pythons
  4 endoplasms
  3 giant cockroaches
  12 goblins
  10 hobgoblins
  A quokka (D:2)
  A bat (D:1)
  2 frilled lizards
  A kobold (D:1)
  3 rats
66 creatures vanquished.

Notes
Turn   | Place    | Note
-------+----------+-------------------------------------------
     0 | D:1      | frimble the Demonspawn Warper began the quest for the Orb.
     0 | D:1      | Reached XP level 1. HP: 16/16 MP: 3/3
   502 | D:1      | Found a faded altar of an unknown god.
   578 | D:1      | Gained mutation: You are partially covered in rugged brown
                  | scales. (AC +1, +3% HP) [demonic ancestry]
   578 | D:1      | Reached XP level 2. HP: 12/22 MP: 5/5
  1630 | D:2      | Reached XP level 3. HP: 15/27 MP: 6/6
  1822 | D:2      | Noticed Robin
  1900 | D:2      | Killed Robin
  2550 | D:2      | Gained mutation: You are mostly covered in rugged brown
                  | scales. (AC +2, +5% HP) [demonic ancestry]
  2550 | D:2      | Reached XP level 4. HP: 27/34 MP: 7/7
  2760 | D:3      | Found a stormy altar of Qazlal.
  3048 | D:3      | Gained mutation: Your touch may inflict minor irresistible
                  | damage on your foes. [demonic ancestry]
  3048 | D:3      | Reached XP level 5. HP: 37/39 MP: 8/8
  3149 | D:3      | Noticed a necrophage
  3195 | D:3      | Found a transporter.
  3195 | D:3      | Noticed leviel's ghost (amateur HOFi)
  3302 | D:3      | Noticed Jessica
  3339 | D:3      | Killed Jessica
  3513 | D:3      | Found a transporter.
  3709 | D:3      | Reached XP level 6. HP: 41/46 MP: 9/9
  4248 | D:4      | Slain by a hound

Illustrated notes

Levels and vault maps discovered:
D:1:      lemuel_arrival_cross, layout_loops_ring,
          chequers_ecumenical_altar_lobes, minmay_tromino_v4_a
D:2:      layout_basic, serial_rivers, chequers_serial_rivers_small_3,
          chequers_serial_rivers_room_a, chequers_serial_rivers_large_a,
          chequers_serial_rivers_large_b, chequers_serial_rivers_small_a,
          chequers_serial_rivers_small_b, uniq_robin
D:3:      layout_loops_corners, old_standard_altar, gammafunk_ghost_mausoleum,
          corexii_leaking_fountain, minmay_quantized, uniq_jessica
D:4:      layout_layer_cave, ashenzari_altar_1, portal_sewer_entry_f,
          feat_on_display

Skill      XL: |  1  2  3  4  5 |
---------------+----------------+-----
Long Blades    | 2 3 4 |  4.7
Dodging        | 2 3 4 |  4.6
Fighting       | |  2.0
Throwing       | |  0.8
Armour         | |  0.8
Spellcasting   | |  2.0
Translocations | |  2.6

Action                   |  1- 3 |  4- 6 || total
-------------------------+-------+-------++-------
Melee: Falchion          |    48 |   167 ||   215
       Dagger            |    93 |       ||    93
       Touch             |       |    14 ||    14
  Use: Scroll            |     4 |     4 ||     8
       Potion            |       |     3 ||     3
 Stab: Sleeping          |       |     1 ||     1
Armor: Leather armour    |    37 |    86 ||   123
       Skin              |       |    34 ||    34
Dodge: Dodged            |   101 |   172 ||   273

Table legend: (Time is in decaauts)
 A = Elapsed time spent in this place.
 B = Non-inter-level travel time spent in this place.
 C = Inter-level travel time spent in this place.
 D = Time resting spent in this place.
 E = Time spent auto-exploring this place.
 F = Levels seen in this place.
 G = Mean time per level.
                   A        B        C        D        E       F      G
               +--------+--------+--------+--------+--------+-----+--------+
         Total |   4324 |   4212 |    112 |      0 |   3570 |   4 | 1081.0 |
       Dungeon |   4324 |   4212 |    112 |      0 |   3570 |   4 | 1081.0 |
               +--------+--------+--------+--------+--------+-----+--------+

Top non-repeatable levels by time:
     D:3: 1404 daAuts
     D:1: 1344 daAuts
     D:2: 1293 daAuts
     D:4: 282 daAuts
